 Dungeon Crawl Stone Soup version 0.23.2-11-gf996548c65 (webtiles) character file.

Game seed: 4567298291417769176

57 NochnoyZador the Cudgeler (level 4, -2/28 HPs)
             Began as a Gargoyle Fighter on June 4, 2019.
             Slain by Natasha (4 damage)
             ... on level 2 of the Dungeon.
             The game lasted 00:02:15 (895 turns).

NochnoyZador the Cudgeler (Gargoyle Fighter)         Turns: 895, Time: 00:02:16

Health: -2/28      AC:  9    Str: 21    XL:     4   Next: 0%
Magic:  4/4        EV:  8    Int:  8    God:
Gold:   57         SH:  9    Dex:  9    Spells: 3/3 levels left

rFire    . . .     SeeInvis .   a - +0 flail
rCold    . . .     Gourm    .   c - +0 shield
rNeg     + . .     Faith    .   l - +0 ring mail (curse)
rPois    ∞         Spirit   .   (no helmet)
rElec    +         Reflect  .   (no cloak)
rCorr    .         Harm     .   (no gloves)
MR       .....                  (no boots)
Stlth    ..........             (no amulet)
HPRegen  0.09/turn              (no ring)
MPRegen  0.09/turn              (no ring)

@: slowed, very slow
A: negative energy resistance 1, electricity resistance, unbreathing,
petrification resistance, rot immunity, AC +3
a: no special abilities


You were on level 2 of the Dungeon.
You were not hungry.

You visited 1 branch of the dungeon, and saw 2 of its levels.

You collected 57 gold pieces.

Inventory:

Hand Weapons
 a - a +0 flail (weapon)
Missiles
 e - 157 stones (quivered)
Armour
 b - a +0 scale mail
 c - a +0 shield (worn)
 l - a cursed +0 ring mail (worn)
 s - a +2 robe of fire resistance
Scrolls
 i - a scroll of remove curse {unknown}
 k - a scroll of blinking {unknown}
 m - 2 scrolls of magic mapping {unknown}
 n - 4 scrolls of teleportation {unknown}
 o - a scroll of amnesia {unknown}
Potions
 d - a potion of might
 g - 2 potions of haste {unknown}
 h - 2 potions of curing {unknown}
 p - a potion of resistance {unknown}
 q - a potion of cancellation {unknown}
 r - a potion of magic {unknown}
Comestibles
 f - 4 rations
 j - 3 chunks of flesh


   Skills:
 - Level 3.2 Fighting
 + Level 4.1 Maces & Flails
 - Level 3.2 Armour
 - Level 3.2 Shields


You had 3 spell levels left.
You didn't know any spells.
Your spell library was empty.

Dungeon Overview and Level Annotations

Branches:
Dungeon (2/15)

Altars:
Hepliaklqana

Annotations:
D:2 Natasha


Innate Abilities, Weirdness & Mutations

You are resistant to torment.
Your stone body is resilient. (AC +3)
You are immune to poison.
You resist negative energy. (rN+)
You are resistant to electric shocks. (rElec)
You can survive without breathing.
You are immune to petrification.
You are immune to rotting.


Message History

Natasha stares at you and mumbles some strange words.
You feel as though you will be slow longer.
The shadow imp hits you.
* * * LOW HITPOINT WARNING * * *
You hit Natasha.
Natasha is heavily wounded.
Natasha casts a spell at you. You resist with some effort.
The shadow imp completely misses you. Natasha closely misses you.
The shadow imp hits you.
* * * LOW HITPOINT WARNING * * *
You closely miss Natasha.
Natasha is heavily wounded.
You block Natasha's attack. The shadow imp barely misses you.
Natasha claws you but does no damage. The shadow imp hits you.
* * * LOW HITPOINT WARNING * * *
You barely miss Natasha.
Natasha is heavily wounded.
The white imp disappears in a puff of smoke!
Natasha claws you.
You die...

##...........###
#..###...####..
#..##...## #.#
.##..##.### #.#
...>....# #?# ......###
#.# #.....#########.#
........)....#.5########
......######....@h§.....
.###.## #.#>#########
÷....# #.#.# .....#
#.#.# ..#### #.#.# ...##
..... ....# #.... ...##
##... ..##


You could see Natasha and a shadow imp.

Vanquished Creatures
  Jessica (D:2)
  2 dart slugs
  A leopard gecko (D:2)
  2 giant cockroaches
  5 goblins (D:1)
  A hobgoblin (D:1)
  5 kobolds
  6 bats
  2 rats
25 creatures vanquished.

Notes
Turn   | Place    | Note
-------+----------+-------------------------------------------
     0 | D:1      | NochnoyZador the Gargoyle Fighter began the quest for the
                  | Orb.
     0 | D:1      | Reached XP level 1. HP: 14/14 MP: 1/1
   218 | D:1      | Reached XP level 2. HP: 19/19 MP: 2/2
   380 | D:1      | Reached skill level 3 in Maces & Flails
   622 | D:2      | Reached XP level 3. HP: 23/23 MP: 3/3
   802 | D:2      | Noticed Jessica
   809 | D:2      | Killed Jessica
   809 | D:2      | Reached skill level 4 in Maces & Flails
   841 | D:2      | Found a hazy altar of Hepliaklqana.
   859 | D:2      | Reached XP level 4. HP: 28/28 MP: 4/4
   874 | D:2      | Noticed Natasha
   895 | D:2      | Slain by Natasha

Skill      XL: |  1  2  3 |
---------------+----------+-----
Maces & Flails | 3 4 |  4.1
Fighting       | |  3.2
Armour         | |  3.2
Shields        | |  3.2

Action                   |  1- 3 |  4- 6 || total
-------------------------+-------+-------++-------
Melee: Flail             |    89 |    19 ||   108
Armor: Scale mail        |    12 |       ||    12
       Ring mail         |    37 |     8 ||    45
Dodge: Dodged            |    30 |     8 ||    38
Block: Shield            |    38 |     7 ||    45
